 Dungeon Crawl Stone Soup version 0.30.1 (webtiles) character file.

Game seed: 7454526816328259739

4188 cheesebisquit the Insei (level 10, -1/78 HPs)
             Began as an Octopode Transmuter on July 1, 2023.
             Slain by Prince Ribbit (3 damage)
             ... on level 9 of the Dungeon.
             The game lasted 00:42:14 (14275 turns).

cheesebisquit the Insei (Octopode Transmuter)      Turns: 14275, Time: 00:42:15

Health: -1/78      AC:  7    Str: 10    XL:     10   Next: 29%
Magic:  13/17      EV: 12    Int: 20    God:
Gold:   363        SH:  0    Dex: 18    Spells: 8/18 levels left

rFire   x .          .
                       - Unarmed
rCold   + + +        (shield currently unavailable)
rNeg    . . .        (helmet currently unavailable)
rPois   +            F - amulet of regeneration
rElec   .            i - ring of see invisible
rCorr   .            j - +6 ring of dexterity
SInv    +            p - ring of willpower
Will    ++++.        u - ring of protection from cold
Stlth   +++          w - ring of willpower
HPRegen 1.13/turn    e - ring of willpower
MPRegen 0.15/turn    G - ring of willpower
                     (no ring)

%: no passive effects
@: mighty, ice-form, wereblooded
A: freezing attack, boosted hp, almost no armour, amphibious, 8 rings, large,
(camouflage 1), (gelatinous body 1), (nimble swimmer 1), (tentacles)
a: End Transformation


You were on level 9 of the Dungeon.
You were a creature of crystalline ice.
You visited 2 branches of the dungeon, and saw 10 of its levels.

You collected 363 gold pieces.

Inventory:

Missiles
 m - 34 poisoned darts (quivered)
 v - a curare-tipped dart
 x - 2 throwing nets
 E - 4 boomerangs
Armour
 D - a +0 buckler
Jewellery
 e - a ring of willpower (on tentacle)
 i - a ring of see invisible (left front paw)
 j - a +6 ring of dexterity (right front paw)
 p - a ring of willpower (on tentacle)
 u - a ring of protection from cold (on tentacle)
 w - a ring of willpower (on tentacle)
 z - an amulet of reflection
 F - an amulet of regeneration (around neck)
 G - a ring of willpower (on tentacle)
Wands
 g - a wand of iceblast (9)
 r - a wand of flame (20)
 s - a wand of quicksilver (11)
 A - a wand of digging (6)
 C - a wand of charming (7)
Scrolls
 b - 2 scrolls of teleportation
 k - 2 scrolls of amnesia
 o - a scroll of fear {unknown}
 t - a scroll of fog
 y - a scroll of enchant armour {unknown}
 B - a scroll of vulnerability {unknown}
Potions
 a - 3 potions of lignification
 c - 6 potions of curing
 d - 3 potions of attraction
 h - a potion of cancellation
 l - 2 potions of resistance
 n - 2 potions of brilliance
 q - 3 potions of heal wounds


   Skills:
 + Level 4.9 Fighting
 + Level 4.3 Throwing
 + Level 5.2 Dodging
 - Level 5.0 Stealth
 * Level 7.5 Unarmed Combat
 + Level 4.8 Spellcasting
 + Level 5.0 Transmutations
 + Level 4.1 Ice Magic
 - Level 5.0 Poison Magic


You had 8 spell levels left.
You knew the following spells:

 Your Spells              Type           Power      Damage    Failure   Level
a - Beastly Appendage     Tmut           50%        N/A       1%          1
b - Wereblood             Tmut           25%        N/A       2%          2
c - Spider Form           Tmut/Pois      25%        N/A       4%          3
d - Ice Form              Ice/Tmut       23%        N/A       19%         4

Your spell library contained the following spells:

 Spells                   Type           Power      Damage    Failure   Level
 Apportation              Tloc           8%         N/A       12%         1
 Necrotise                Necr           16%        1d4       12%         1
 Summon Small Mammal      Summ           16%        N/A       12%         1
 Hailstorm                Conj/Ice       13%        3d5       16%         3
 Call Canine Familiar     Summ           4%         N/A       34%         3
 Gell's Gravitas          Tloc           4%         N/A       34%         3
 Portal Projectile        Hex/Tloc       8%         N/A       34%         3
 Teleport Other           Tloc           4%         N/A       34%         3
 Tukima's Dance           Hex            4%         N/A       34%         3
 Alistair's Intoxication  Tmut/Pois      16%        N/A       38%         5
 Leda's Liquefaction      Hex/Erth       2%         N/A       75%         4
 Passage of Golubria      Tloc           4%         N/A       75%         4
 Yara's Violent Unravell  Hex/Tmut       7%         3d5       75%         5
 Dispersal                Tloc           2%         N/A       100%        6
 Simulacrum               Ice/Necr       6%         N/A       100%        6


Dungeon Overview and Level Annotations

Branches:
Dungeon (9/15)             Temple (1/1) D:7
   Lair: D:8-11         Orc: D:9-12

Altars:
Ashenzari
Dithmenos
Elyvilon
Fedhas
Gozag
Hepliaklqana
Kikubaaqudgha
Makhleb
Nemelex Xobeh
Qazlal
Ru
Sif Muna
Trog
Uskayaw
Vehumet
Wu Jian
Xom
Yredelemnul
Zin
The Shining One

Shops:
D:2 (

Annotations:
D:5 3 runed translucent doors, monsoonserge's ghost, novice DrSu
D:8 exclusion: orange demon, Amaemon
D:9 Prince Ribbit


Innate Abilities, Weirdness & Mutations

You are a creature of crystalline ice.
You have a powerful freezing melee attack.
Your maximum health is increased.
Your armour is entirely melded.
You are incapable of wielding weapons or throwing items.
You cannot wear most types of armour.
You are amphibious.
You can wear up to eight rings at the same time.
((Your skin changes colour to match your surroundings (Stealth+).))
((Your rubbery body absorbs attacks. (AC +1, EV +1)))
((You are camouflaged when in or above water. (Stealth+)))
((You have tentacles for arms and can constrict up to eight enemies at once.))


Message History

There is a stone staircase leading down here.
Okay, then.
You feel very mighty all of a sudden.
The two-headed ogre hits you with a +0 giant club!
The two-headed ogre closely misses you.
The orc wizard hits you but does no damage.
You pummel the orc wizard!! You freeze the orc wizard.
You feel a bit better.
You kill the orc wizard!
You howl as the wereblood boils in your veins!
The two-headed ogre closely misses you.
The two-headed ogre hits you with a +0 giant club!
You pummel the two-headed ogre!! You freeze the two-headed ogre!
The two-headed ogre is severely wounded.
You pummel the two-headed ogre!! You freeze the two-headed ogre!
You feel a bit better.
You kill the two-headed ogre!
You howl as the wereblood boils in your veins!
Training target 5.0 for Poison Magic reached!
Your Transmutations skill increases to level 5!
Your Ice Magic skill increases to level 4!
Your Poison Magic skill increases to level 5!
You howl as the wereblood boils in your veins!
You climb downwards.
Level annotation: Prince Ribbit You howl as the wereblood boils in your veins!
Prince Ribbit hits you!
The centaur wields a +0 shortbow.
The centaur shoots an arrow.
The arrow barely misses you.
The arrow hits Prince Ribbit!
Prince Ribbit misses you.
The centaur shoots an arrow.
The arrow barely misses you.
The arrow closely misses Prince Ribbit.
There is a stone staircase leading up here.
You barely miss Prince Ribbit.
Prince Ribbit is moderately wounded.
Prince Ribbit closely misses you. Prince Ribbit hits you!
* * * LOW HITPOINT WARNING * * *
The sentinel's mark upon you fades away.
The centaur shoots an arrow.
The arrow hits you!
* * * LOW HITPOINT WARNING * * *
Prince Ribbit hits you.
You die...

.. ....... .
#....... #.......
##+##......
#.......g#
..#+#######.c......#
...................#
......$............#
...............YF..#
...........#########
#+####.....# #.....#
+.....+ #.....#
#....... #.......#
#.......


You could see Prince Ribbit, a centaur and a gnoll.

Vanquished Creatures
  Erica (D:8)
  A two-headed ogre (D:8)
  Sigmund (D:2)
  2 steam dragons (D:7)
  A water moccasin (D:8)
  2 black bears
  An orc warrior (D:6)
  2 sky beasts
  2 ogres
  2 phantoms
  3 kobold brigands
  A bullfrog (D:7)
  A gnoll sergeant (D:8)
  9 wights
  3 howler monkeys (D:7)
  A crimson imp (D:4)
  4 hounds
  A gnoll bouda (D:8)
  3 jellies
  Ijyb (D:3)
  2 iguanas (D:5)
  7 orc wizards
  6 gnolls (D:8)
  13 adders
  2 white imps
  2 worms
  3 dart slugs
  18 orcs
  4 endoplasms
  5 giant cockroaches
  7 goblins
  11 hobgoblins
  3 jackals (D:4)
  22 kobolds
  4 quokkas
  6 ball pythons
  3 bats
  3 frilled lizards
  6 rats
169 creatures vanquished.

Notes
Turn   | Place    | Note
-------+----------+-------------------------------------------
     0 | D:1      | cheesebisquit the Octopode Transmuter began the quest for
                  | the Orb.
     0 | D:1      | Reached XP level 1. HP: 13/13 MP: 3/3
   143 | D:1      | Reached XP level 2. HP: 18/18 MP: 5/5
   246 | D:1      | Learned a level 2 spell: Wereblood
   551 | D:1      | Reached skill level 1 in Stealth
   649 | D:1      | Reached XP level 3. HP: 23/23 MP: 2/6
  1567 | D:2      | Found Riqul's Antique Weapon Shoppe.
  1584 | D:2      | Reached XP level 4. HP: 23/28 MP: 4/7
  2533 | D:2      | Noticed Sigmund
  2640 | D:3      | Reached XP level 5. HP: 32/34 MP: 4/8
  2646 | D:3      | Learned a level 3 spell: Spider Form
  2681 | D:3      | Reached skill level 4 in Unarmed Combat
  3061 | D:3      | Found a broken altar of Ashenzari.
  3248 | D:3      | Found a hide-covered altar of Uskayaw.
  3337 | D:3      | Noticed Ijyb
  3630 | D:4      | Found a glowing silver altar of Zin.
  3632 | D:4      | Noticed a black bear
  3974 | D:4      | Noticed a phantom
  4006 | D:4      | Found a shimmering blue altar of Sif Muna.
  4083 | D:4      | Identified the +4 trident "Ashoillenk" {heavy, rElec MP-9
                  | Int+3 Dex+3}
  4468 | D:4      | Reached XP level 6. HP: 29/39 MP: 7/10
  4592 | D:4      | Reached skill level 1 in Throwing
  4592 | D:4      | Reached skill level 1 in Poison Magic
  5005 | D:5      | Entered Level 5 of the Dungeon
  5205 | D:5      | Learned a level 4 spell: Ice Form
  5412 | D:5      | Found a runed translucent gate.
  5413 | D:5      | Found a runed translucent gate.
  5413 | D:5      | Found a runed translucent gate.
  5416 | D:5      | Noticed monsoonserge's ghost (novice DrSu)
  5563 | D:5      | Reached XP level 7. HP: 30/45 MP: 6/11
  6313 | D:6      | Reached skill level 1 in Ice Magic
  6497 | D:6      | Reached skill level 5 in Unarmed Combat
  6977 | D:6      | Reached XP level 8. HP: 44/51 MP: 7/12
  8203 | D:2      | Killed Sigmund
  8204 | D:2      | Reached skill level 6 in Unarmed Combat
  8481 | D:2      | Found Riqul's Antique Weapon Shoppe.
  9029 | D:3      | Killed Ijyb
  9030 | D:3      | Reached skill level 5 in Stealth
  9030 | D:3      | Reached XP level 9. HP: 50/57 MP: 11/14
  9175 | D:3      | Found a broken altar of Ashenzari.
  9343 | D:3      | Found a hide-covered altar of Uskayaw.
 10205 | D:4      | Found a glowing silver altar of Zin.
 10487 | D:4      | Found a shimmering blue altar of Sif Muna.
 10799 | D:5      | Found a runed translucent gate.
 10800 | D:5      | Found a runed translucent gate.
 10800 | D:5      | Found a runed translucent gate.
 12289 | D:7      | Found a staircase to the Ecumenical Temple.
 12303 | Temple   | Entered the Ecumenical Temple
 12806 | D:7      | Found a staircase to the Ecumenical Temple.
 13413 | D:8      | Noticed Erica
 13423 | D:8      | Killed Erica
 13424 | D:8      | Reached skill level 5 in Dodging
 13424 | D:8      | Reached skill level 7 in Unarmed Combat
 13424 | D:8      | Reached XP level 10. HP: 58/65 MP: 12/16
 13517 | D:8      | Found a white marble altar of Elyvilon.
 13541 | D:8      | Found a stormy altar of Qazlal.
 13869 | D:8      | Noticed Amaemon
 14141 | D:8      | Noticed an orange demon
 14258 | D:9      | Noticed a two-headed ogre
 14264 | D:9      | Noticed Prince Ribbit
 14271 | D:8      | Killed a two-headed ogre
 14272 | D:8      | Reached skill level 5 in Transmutations
 14272 | D:8      | Reached skill level 5 in Poison Magic
 14275 | D:9      | HP: 2/78 [centaur/arrow (11)]
 14275 | D:9      | Slain by Prince Ribbit

Illustrated notes

Levels and vault maps discovered:
D:1:      minmay_arrival_split_and_join, layout_basic
D:2:      layout_loops_corners, serial_shops, nicolae_shop_hallway_plus,
          uniq_sigmund
D:3:      layout_loops_ring, marbit_many_paths, mainiacjoe_overflow_alcove_1,
          st_stairs_10, hex_large, uniq_ijyb
D:4:      layout_basic, mainiacjoe_overflow_boulevard, zin_academy,
          interstate_on_off, minmay_fire_ice_demons
D:5:      layout_loops_cross, ebering_ghost_rock_garden
D:6:      layout_loops_corners
D:7:      layout_basic, minmay_temple_entry_enclosed_plants, feat_on_display
D:8:      layout_loops_cross, mainiacjoe_overflow_big_doors, minmay_crossroads,
          uniq_erica, uniq_amaemon
D:9:      layout_gridville, gammafunk_ghost_smash, hellmonk_scale_shop,
          uniq_prince_ribbit1
Temple:   jpeg_temple_clearing

Skill      XL: |  1  2  3  4  5  6  7  8  9 10 |
---------------+-------------------------------+-----
Stealth        | 1 2 3 5 |  5.0
Unarmed Combat | 4 5 6 7 |  7.5
Fighting       | 2 3 4 |  4.9
Throwing       | 1 2 3 4 |  4.3
Poison Magic   | 1 2 3 4 5 |  5.0
Dodging        | 3 4 5 |  5.2
Spellcasting   | 3 4 |  4.8
Transmutations | 3 4 5 |  5.0
Ice Magic      | 1 2 3 4 |  4.1

Action                     |  1- 3 |  4- 6 |  7- 9 | 10-12 || total
---------------------------+-------+-------+-------+-------++-------
  Melee: Unarmed           |    54 |   115 |   233 |    31 ||   433
         Constrict         |    19 |    36 |     3 |     1 ||    59
         Kick              |    15 |    39 |    10 |       ||    64
         Tentacles         |    10 |    18 |     4 |       ||    32
         Punch             |     2 |     4 |     1 |       ||     7
  Throw: Boomerang         |    38 |    12 |       |       ||    50
         Dart              |       |    31 |     3 |       ||    34
   Cast: Beastly Appendage |    24 |    39 |     9 |       ||    72
         Wereblood         |    16 |    37 |    20 |     4 ||    77
         Spider Form       |       |     4 |    24 |     1 ||    29
         Ice Form          |       |       |     8 |     2 ||    10
    Use: Scroll            |       |     9 |     2 |       ||    11
         Potion            |       |       |     2 |     1 ||     3
   Stab: Sleeping          |     4 |     2 |     3 |       ||     9
 Armour: Skin              |     1 |     3 |    12 |     4 ||    20
  Dodge: Dodged            |    31 |    52 |   158 |    29 ||   270
  Block: Other             |       |       |    27 |       ||    27
         Reflection        |       |       |     4 |       ||     4
